 Dungeon Crawl Stone Soup version 0.21-a0-163-g3aa3f5d (webtiles) character file.

11193 foxtrotoscar the Basher (level 11, 0/90 HPs)
             Began as a Demonspawn Gladiator on Aug 5, 2017.
             Was a High Priest of Trog.
             Slain by a wolf spider (10 damage)
             ... on level 2 of the Lair of Beasts.
             The game lasted 00:23:40 (13645 turns).

foxtrotoscar the Basher (Demonspawn Gladiator)     Turns: 13645, Time: 00:23:40

Health: 0/90       AC: 12    Str: 16    XL:     11   Next: 46%
Magic:  20/20      EV: 11    Int: 10    God:    Trog [*****.]
Gold:   526        SH:  0    Dex: 16    Spells: 10/10 levels left

rFire    . . .     SeeInvis .   v - +8 whip "Snakebite" {curare, rPois}
rCold    + . .     Gourm    .   (no shield)
rNeg     . . .     Faith    .   x - +3 scale mail {rC+}
rPois    +         Spirit   .   (helmet restricted)
rElec    .         Reflect  .   (no cloak)
rCorr    .         Harm     .   (no gloves)
MR       .....                  (no boots)
Stlth    +++.......             (no amulet)
HPRegen  0.25/turn              Q - ring of magical power
MPRegen  0.17/turn              (no ring)

@: lethally poisoned (0 -> -45)
A: horns 1, thin metallic scales 1, nightstalker 3, powered by death 1
a: Berserk, Trog's Hand, Brothers in Arms, Burn Spellbooks, Renounce Religion


You were on level 2 of the Lair of Beasts.
You worshipped Trog.
Trog was extremely pleased with you.
You were not hungry.

You visited 2 branches of the dungeon, and saw 10 of its levels.

You collected 740 gold pieces.
You spent 214 gold pieces at shops.

Inventory:

Hand Weapons
 k - a +0 blowgun
 v - the +8 whip "Snakebite" (weapon) {curare, rPois}
   (You found it on level 2 of the Lair of Beasts)

   It poisons the flesh of those it strikes.
   It protects you from poison.
 E - a +2 flail of draining
Missiles
 d - a throwing net (quivered)
 j - 374 stones
 y - 13 poisoned needles
 W - 6 silver javelins
Armour
 b - a +0 leather armour
 c - a +0 helmet
 x - a +3 scale mail of cold resistance (worn)
Jewellery
 p - an uncursed ring of protection from magic
 C - an uncursed ring of resist corrosion
 M - an uncursed ring of protection from magic
 Q - a ring of magical power (left hand)
Wands
 a - a wand of flame (19/48)
 s - a wand of random effects (48/48)
 D - a wand of iceblast (11/15)
 R - a wand of flame (30/48)
 U - a wand of flame (19/48)
 X - a wand of flame (0/48)
 Y - a wand of disintegration (5/24)
Scrolls
 e - a scroll of enchant armour
 g - a scroll of recharging
 m - 2 scrolls of magic mapping
 r - 3 scrolls of remove curse
 w - 2 scrolls of enchant weapon
 G - 4 scrolls of teleportation
 H - a scroll of fog
 L - a scroll of amnesia
 N - a scroll of identify
Potions
 l - a potion of curing
 n - 4 potions of heal wounds
 q - 3 potions of brilliance
 t - 2 potions of flight
 z - a potion of invisibility
 A - a potion of berserk rage
 B - a potion of resistance
 F - a potion of magic
 I - 2 potions of haste
 J - 3 potions of ambrosia
 K - a potion of lignification
 O - 2 potions of agility
 V - 2 potions of degeneration
Books
 o - a book of Frost

   Spells                             Type                      Level
   a - Freeze                         Ice                          1
   b - Throw Frost                    Conjuration/Ice              2
   c - Ozocubu's Armour               Charms/Ice                   3
   d - Throw Icicle                   Conjuration/Ice              4
   e - Summon Ice Beast               Ice/Summoning                4
   Trog disapproves of the use of such an item.
 u - a Young Poisoner's Handbook

   Spells                             Type                      Level
   a - Sting                          Conjuration/Poison           1
   b - Poisonous Vapours              Poison/Air                   2
   c - Mephitic Cloud                 Conjuration/Poison/Air       3
   d - Olgreb's Toxic Radiance        Poison                       4
   e - Venom Bolt                     Conjuration/Poison           5
   Trog disapproves of the use of such an item.
Comestibles
 f - 7 bread rations
 h - 2 meat rations
 i - 8 fruits
 P - 5 royal jellies
 S - 2 chunks of flesh


   Skills:
 - Level 9.8 Fighting
 * Level 13.5 Maces & Flails
 - Level 1.7 Throwing
 + Level 3.7 Armour
 - Level 2.6 Dodging


You had 10 spell levels left.
You didn't know any spells.

Dungeon Overview and Level Annotations

Branches:
Dungeon (8/15)             Temple (0/1) D:6            Lair (2/6) D:8
 Spider (0/4) Lair:2
  Swamp: Lair:2-4    Shoals: Lair:2-4

Altars:
Dithmenos
Elyvilon
Makhleb
Nemelex Xobeh
Okawaru
Ru
Trog
Vehumet
The Shining One

Shops:
D:5 ?   D:6 %


Innate Abilities, Weirdness & Mutations

You have a pair of small horns on your head.
You are partially covered in thin metallic scales. (AC +2)
You are completely attuned to the shadows.
You regenerate a little health from kills.


Message History

Unknown command.
You are caught in the web!
You feel sick. The redback bites you.
You are more poisoned.
The redback poisons you!
There is a web here.
You disentangle yourself.
You feel very sick. The wolf spider hits you!
The wolf spider bites you but does no damage.
The redback bites you! The wolf spider hits you!
* * * LOW HITPOINT WARNING * * *
The wolf spider bites you.
* * * LOW HITPOINT WARNING * * *
You completely miss the wolf spider. You headbutt the wolf spider.
The wolf spider is lightly wounded.
* * * LOW HITPOINT WARNING * * *
You feel sick. The redback bites you!
* * * LOW HITPOINT WARNING * * *
The wolf spider hits you!
You die...

#P..... ##..... ####..P.. ###..>
##..#..... #?.... #....#.... ..
##..^..##........# ...
##..^^.##.....#.###
...##^.s^.##....#.#.#
......@s######.####.# P....^###
#P......# #.#....## ##.....>#
.......# #P....#.### ..#
..[.....# ####.......... ..#
.........#####PP#..#P..###.
.<###........##..............###.
.............................##..
..............................#..


You could see a wolf spider and a redback.

Vanquished Creatures
  6 spiny frogs
  A black mamba (Lair:2)
  3 komodo dragons (Lair:1)
  4 blink frogs (Lair:1)
  3 hippogriffs
  Sigmund (D:3)
  A redback (Lair:2)
  A basilisk (Lair:2)
  4 hogs (D:8)
  6 yaks (Lair:2)
  A human (D:8)
  2 water moccasins
  5 porcupines
  An orc warrior (D:7)
  A sky beast (D:8)
  6 ogres
  4 wolves (D:8)
  10 crocodiles
  3 centaurs
  6 bullfrogs
  3 scorpions
  3 wights (D:8)
  An electric eel (Lair:2)
  5 howler monkeys
  7 crimson imps
  A bullfrog zombie (D:5)
  A centaur zombie (D:6)
  A quasit (D:5)
  3 hounds
  A jelly (D:8)
  6 orc priests
  A bullfrog skeleton (D:8)
  Terence (D:3)
  3 iguanas
  Ijyb (D:3)
  15 orc wizards
  5 worker ants
  A hound zombie (D:5)
  6 gnolls
  8 adders
  A shadow imp (D:5)
  3 oozes (D:5)
  An adder skeleton (D:4)
  3 worms
  4 dart slugs
  5 leopard geckos
  29 orcs
  7 giant cockroaches
  4 goblins
  4 hobgoblins
  19 jackals
  5 quokkas
  A ball python (D:3)
  7 bats
  4 frilled lizards
  4 goblin zombies (D:5)
  2 hobgoblin zombies (D:5)
  5 kobolds
  A kobold skeleton (D:5)
  A leopard gecko skeleton (D:5)
  3 orc zombies (D:5)
  7 rats
262 creatures vanquished.

Vanquished Creatures (others)
  A fungus (Lair:2)
  4 plants
5 creatures vanquished.

Grand Total: 267 creatures vanquished

Notes
Turn   | Place    | Note
-------+----------+-------------------------------------------
     0 | D:1      | foxtrotoscar the Demonspawn Gladiator began the quest for the Orb.
     0 | D:1      | Reached XP level 1. HP: 16/16 MP: 1/1
   182 | D:1      | Reached skill level 3 in Maces & Flails
   455 | D:1      | Gained mutation: You regenerate a little health from kills. [demonic ancestry]
   455 | D:1      | Reached XP level 2. HP: 15/22 MP: 2/2
   924 | D:1      | You fall through a shaft!
  1258 | D:2      | Gained mutation: You are slightly more attuned to the shadows. [demonic ancestry]
  1258 | D:2      | Reached XP level 3. HP: 28/28 MP: 3/3
  1943 | D:3      | Noticed Ijyb
  1951 | D:3      | Killed Ijyb
  1951 | D:3      | Reached skill level 4 in Maces & Flails
  1951 | D:3      | Reached XP level 4. HP: 30/35 MP: 4/4
  1970 | D:3      | Found a bloodstained altar of Trog.
  1993 | D:3      | Became a worshipper of Trog the Wrathful
  2028 | D:3      | Noticed Terence
  2052 | D:3      | Killed Terence
  2259 | D:3      | Noticed Sigmund
  2271 | D:3      | Killed Sigmund
  2271 | D:3      | Reached skill level 5 in Maces & Flails
  2271 | D:3      | Gained mutation: You have a pair of small horns on your head. [demonic ancestry]
  2271 | D:3      | Reached XP level 5. HP: 22/42 MP: 5/5
  2271 | D:3      | Reached XP level 6. HP: 25/48 MP: 6/6
  2339 | D:3      | Reached * piety under Trog
  2934 | D:4      | Reached skill level 6 in Maces & Flails
  3123 | D:4      | Reached XP level 7. HP: 25/55 MP: 7/7
  3247 | D:4      | Found an iron altar of Okawaru.
  3748 | D:4      | Reached ** piety under Trog
  3752 | D:4      | Reached skill level 5 in Fighting
  3759 | D:4      | Reached skill level 7 in Maces & Flails
  4395 | D:5      | Entered Level 5 of the Dungeon
  4411 | D:5      | Gained mutation: You are significantly more attuned to the shadows. [demonic ancestry]
  4411 | D:5      | Reached XP level 8. HP: 52/63 MP: 8/8
  4967 | D:5      | Found Ziluem's Magic Scroll Boutique.
  4989 | D:5      | Bought a scroll of teleportation for 39 gold pieces
  4989 | D:5      | Bought a scroll of fog for 26 gold pieces
  4989 | D:5      | Bought a scroll of enchant weapon for 97 gold pieces
  5023 | D:5      | Reached skill level 8 in Maces & Flails
  5327 | D:5      | Bought a scroll of identify for 26 gold pieces
  5327 | D:5      | Bought a scroll of identify for 26 gold pieces
  5474 | D:5      | Found a glowing golden altar of the Shining One.
  5498 | D:5      | Reached *** piety under Trog
  6302 | D:6      | Found a staircase to the Ecumenical Temple.
  6307 | D:6      | Reached skill level 9 in Maces & Flails
  6465 | D:6      | Found Viogiw's Food Shop.
  6507 | D:6      | Gained mutation: You are partially covered in thin metallic scales. (AC +2) [demonic ancestry]
  6507 | D:6      | Reached XP level 9. HP: 56/72 MP: 9/9
  6869 | D:7      | Reached **** piety under Trog
  7610 | D:8      | Reached skill level 10 in Maces & Flails
  7868 | D:8      | Found a staircase to the Lair.
  8031 | D:8      | Found a sacrificial altar of Ru.
  8032 | D:8      | Found a sparkling altar of Nemelex Xobeh.
  8035 | D:8      | Found a white marble altar of Elyvilon.
  8035 | D:8      | Found a shadowy altar of Dithmenos.
  8188 | D:8      | Reached skill level 11 in Maces & Flails
  8192 | D:8      | Reached XP level 10. HP: 81/82 MP: 10/10
  8378 | D:8      | Noticed a two-headed ogre
  8454 | D:8      | Reached ***** piety under Trog
  8456 | D:8      | Received a gift from Trog
  8517 | D:8      | Found a burning altar of Makhleb.
  8518 | D:8      | Found a radiant altar of Vehumet.
  9472 | Lair:1   | Entered Level 1 of the Lair of Beasts
  9823 | Lair:1   | Reached skill level 12 in Maces & Flails
 10168 | Lair:1   | Noticed a spiny frog
 10170 | Lair:1   | Noticed a spiny frog
 10177 | Lair:1   | Killed a spiny frog
 10186 | Lair:1   | Killed a spiny frog
 10574 | Lair:1   | Noticed a spiny frog
 10588 | Lair:1   | Killed a spiny frog
 10941 | Lair:1   | Reached skill level 1 in Armour
 11185 | Lair:1   | Gained mutation: You are completely attuned to the shadows. [demonic ancestry]
 11185 | Lair:1   | Reached XP level 11. HP: 88/90 MP: 11/11
 12219 | Lair:2   | Reached skill level 13 in Maces & Flails
 13634 | Lair:2   | Noticed a wolf spider
 13637 | Lair:2   | Found a hole to the Spider Nest.
 13645 | Lair:2   | Slain by a wolf spider

Vault maps used:
D:1:      ncdulo_smallfort
D:2:      solitary_fountain
D:3:      lemuel_crystal_altar, uniq_ijyb, uniq_terence, uniq_sigmund
D:4:      okawaru_altar_gauntlet_db, first_bread
D:5:      serial_shops, kennysheep_mini, st_stairs_10, serial_bayou_pond_b,
          nicolae_tso_besieged_by_evil
D:6:      temple_green, serial_shops, shop_statue, centaur_isle
D:8:      grunt_temple_overflow_lords_of_destruction,
          grunt_temple_overflow_open, minmay_lair_entry_grove, grunt_livestock,
          minivault_12
Lair:1:   beast_lair_carwin_11
Lair:2:   spider_nest_entry_funnel_web, minmay_lair_oklob_chamber

Skill      XL: |  1  2  3  4  5  6  7  8  9 10 11 |
---------------+----------------------------------+-----
Maces & Flails | 3 4 5 6 7 9 11 12 13 | 13.5
Fighting       | 3 4 5 7 8 9 |  9.8
Armour         | 1 3 |  3.7
Throwing       | |  1.7
Dodging        | |  2.6

Action                   |  1- 3 |  4- 6 |  7- 9 | 10-12 || total
-------------------------+-------+-------+-------+-------++-------
Melee: Flail             |   105 |   145 |   421 |   236 ||   907
       Headbutt          |       |    22 |    72 |    54 ||   148
       Whip              |       |       |       |    17 ||    17
Throw: Throwing net      |       |     3 |       |       ||     3
Invok: Berserk           |       |     1 |     5 |     3 ||     9
       Burn Spellbooks   |       |     1 |       |       ||     1
  Use: Potion            |       |     4 |       |     1 ||     5
       Scroll            |       |       |    15 |     4 ||    19
 Stab: Sleeping          |     5 |     4 |     3 |     7 ||    19
       Held in net/web   |       |     2 |       |       ||     2
       Distracted        |       |       |     1 |     2 ||     3
  Eat: Chunk             |     3 |     5 |    14 |     6 ||    28
       Royal jelly       |       |       |     1 |       ||     1
       Bread ration      |       |       |     1 |     2 ||     3
       Meat ration       |       |       |       |     1 ||     1
Armor: Leather armour    |    42 |    34 |    22 |       ||    98
       Scale mail        |       |       |   212 |    80 ||   292
Dodge: Dodged            |    76 |   110 |   335 |    90 ||   611
